[Event "Titled Tuesday Blitz January 03 Early 2023"]
[White "Avila Pavas, Santiago"]
[Black "Sadykov, Ramil"]
[WhiteFideId "4437128"]
[BlackFideId "24113590"]
[WhiteElo "2522"]
[BlackElo "2345"]
[Result "1-0"]
[Round "07"]
[TimeControl "180+2"]
[Date "2023.01.03"]
[WhiteClock "0:00:44"]
[BlackClock "0:00:03"]

1. d4 Nf6 2. Nf3 g6 3. Bg5 Bg7 4. Nbd2 d5 5. e3 O-O 6. Be2 c5 7. O-O Qb6 8. Rb1 Nc6 9. c3 Re8 10. b4 cxb4 11. cxb4 a6 12. b5 axb5 13. Rxb5 Qa7 14. Bxf6 Bxf6 15. Rxd5 Qxa2 16. Bc4 Qa3 17. Ne4 Bg7 18. Neg5 e6 19. Rb5 Na5 20. Be2 Bd7 21. Rb1 Bc6 22. Bb5 Qe7 23. Bxc6 Nxc6 24. Qb3 Rab8 25. Rfc1 h6 26. Ne4 Kh7 27. Nc5 e5 28. d5 Na5 29. Qb5 b6 30. Nd7 Rbd8 31. Nxb6 Nb7 32. Nc4 Nd6 33. Nxd6 Qxd6 34. e4 f5 35. Rc6 Qb8 36. Qd3 Qa7 37. Rbc1 fxe4 38. Qxe4 Qa5 39. Qxg6+ Kh8 40. Rc7 Rg8 41. Nxe5 1-0


[Site "https://www.chess.com"]

[Event "Titled Tuesday Blitz January 03 Early 2023"]
[White "Tologon tegin, Semetei"]
[Black "Tanenbaum, Zachary"]
[WhiteFideId "13800574"]
[BlackFideId "2060850"]
[WhiteElo "2372"]
[BlackElo "2261"]
[Result "1-0"]
[Round "07"]
[TimeControl "180+2"]
[Date "2023.01.03"]
[WhiteClock "0:00:22"]
[BlackClock "0:00:02"]

1. e4 e5 2. Nc3 Nc6 3. g3 Nf6 4. Bg2 Bc5 5. Nge2 d6 6. O-O O-O 7. d3 h6 8. h3 a5 9. a4 Be6 10. Kh2 d5 11. f4 exf4 12. Nxf4 dxe4 13. Nxe4 Nxe4 14. Bxe4 Bd6 15. Qh5 Bxf4 16. Bxf4 Qf6 17. c3 Rfe8 18. Rf2 g5 19. Be3 Qg7 20. Raf1 f5 21. Bxf5 Bxf5 22. Rxf5 Rf8 23. Qf3 Rxf5 24. Qxf5 Rf8 25. Qd5+ Kh7 26. Qe4+ Kg8 27. Rxf8+ Qxf8 28. Qg6+ Qg7 29. Qe8+ Qf8 30. Qe6+ Kh7 31. Kg2 Qe7 32. Qf5+ Kg8 33. Bc5 Qf7 34. Qc8+ Kh7 35. Qg4 Qd5+ 36. Qe4+ Qxe4+ 37. dxe4 Kg6 38. g4 Ne5 39. Bd4 Nc4 40. b4 Nb2 41. bxa5 Nxa4 42. Kf3 Nb2 43. Be5 c6 44. Bc7 Kf7 45. e5 Ke6 46. Ke4 Nc4 47. Kd4 Nd2 48. Kc5 Kd7 49. Kb6 Kc8 50. Bd6 Nc4+ 51. Kc5 Nxa5 52. Bf8 Kd7 53. Bxh6 Nb3+ 54. Kc4 Nd2+ 55. Kd3 Nf3 56. Ke4 Ng1 57. Bxg5 Nxh3 58. Be3 Ke6 59. c4 b5 60. cxb5 cxb5 61. Kf3 b4 62. Kg3 b3 63. Bd4 Ng5 64. Kf4 Nf7 65. Bb2 Nh6 66. g5 Ng8 67. g6 Ne7 68. Kg5 Ng8 69. Ba1 Kd5 70. g7 Ke6 71. Kg6 Ne7+ 72. Kh7 Kf7 73. Bb2 Ke6 74. g8=Q+ Kd7 75. Qxb3 Nc6 76. Qd5+ Kc7 77. e6 Kb6 78. Be5 Na7 79. Bd4+ Kc7 80. Bxa7 Kc8 81. Qd7# 1-0


[Site "https://www.chess.com"]

[Event "Titled Tuesday Blitz January 03 Early 2023"]
[White "Ardelean, George-Catalin"]
[Black "Fiorito, Francisco"]
[WhiteFideId "1207091"]
[BlackFideId "180165"]
[WhiteElo "2470"]
[BlackElo "2305"]
[Result "1-0"]
[Round "07"]
[TimeControl "180+2"]
[Date "2023.01.03"]
[WhiteClock "0:00:45"]
[BlackClock "0:00:01"]

1. d4 Nf6 2. Bf4 d5 3. e3 c5 4. Nc3 cxd4 5. exd4 a6 6. Nf3 Bg4 7. h3 Bh5 8. g4 Bg6 9. Ne5 Nc6 10. h4 Qb6 11. Na4 Qa5+ 12. c3 Nxe5 13. Bxe5 h5 14. g5 Ne4 15. Qb3 Rd8 16. Qxb7 Qxa4 17. Bxa6 Rd7 18. Qb8+ Rd8 19. Bb5+ Qxb5 20. Qxb5+ Rd7 21. a4 e6 22. a5 Bd6 23. a6 Bxe5 24. a7 Ke7 25. a8=Q Rxa8 26. Rxa8 Bd6 27. Ke2 Bf5 28. Rha1 Bg4+ 29. f3 Ng3+ 30. Kf2 Bh3 31. R1a7 Nh1+ 32. Kg1 Rxa7 33. Qe8# 1-0


[Site "https://www.chess.com"]

[Event "Titled Tuesday Blitz January 03 Early 2023"]
[White "Cardoso Cardoso, Jose Gabriel"]
[Black "Iskusnyh, Sergei"]
[WhiteFideId "4430492"]
[BlackFideId "4120027"]
[WhiteElo "2492"]
[BlackElo "2440"]
[Result "1-0"]
[Round "07"]
[TimeControl "180+2"]
[Date "2023.01.03"]
[WhiteClock "0:00:07"]
[BlackClock "0:00:14"]

1. Nf3 c5 2. e4 d6 3. Nc3 Nf6 4. Bb5+ Bd7 5. a4 g6 6. e5 dxe5 7. Nxe5 Bg7 8. Qf3 Qc7 9. Nxd7 Nbxd7 10. O-O O-O 11. Re1 e6 12. Bf1 Ne5 13. Qe2 Nc6 14. d3 Nd4 15. Qd1 Rad8 16. g3 c4 17. Nb5 Nxb5 18. axb5 cxd3 19. Bxd3 Nd5 20. Qe2 Nb4 21. Bf4 Qc8 22. Rxa7 Nxd3 23. cxd3 Rd5 24. Rc1 Qd7 25. Rc7 Qxb5 26. Raxb7 Qxd3 27. Qxe6 Qf3 28. Rd7 Bd4 29. Qe1 Rxd7 30. Rxd7 Bxb2 31. Qd1 Qxd1+ 32. Rxd1 Bf6 33. Kg2 h5 34. h3 Rd8 35. Rb1 Kg7 36. Rb6 Rd7 37. Be3 Re7 38. g4 hxg4 39. hxg4 Rd7 40. Kf3 Bd4 41. Rb3 Bxe3 42. Rxe3 Ra7 43. Kg3 Ra4 44. f3 g5 45. Re5 f6 46. Re7+ Kg6 47. Rb7 Rc4 48. Rb2 Rd4 49. Kf2 Rc4 50. Ke3 Rc3+ 51. Ke4 Ra3 52. Rd2 Rb3 53. Rd3 Rb5 54. Rd5 Rb4+ 55. Rd4 Rb6 56. Rd3 Re6+ 57. Kd5 Re1 58. Kd4 Kf7 59. Rb3 Re2 60. Rb7+ Kg6 61. Kd3 Re1 62. Rb4 Re8 63. Rb5 Re7 64. Rb6 Re5 65. Kd4 Re1 66. Rb7 Re2 67. Ra7 Re1 68. Ra8 Re2 69. Rg8+ Kf7 70. Ra8 Ke6 71. Re8+ Kf7 72. Rxe2 1-0


[Site "https://www.chess.com"]

[Event "Titled Tuesday Blitz January 03 Early 2023"]
[White "Aradhya, Garg"]
[Black "Bodnaruk, Anastasia"]
[WhiteFideId "25006746"]
[BlackFideId "4181751"]
[WhiteElo "2284"]
[BlackElo "2350"]
[Result "0-1"]
[Round "07"]
[TimeControl "180+2"]
[Date "2023.01.03"]
[WhiteClock "0:00:02"]
[BlackClock "0:00:09"]

1. d4 Nf6 2. c4 g6 3. Nf3 Bg7 4. g3 O-O 5. Bg2 d6 6. Nc3 Nc6 7. O-O e5 8. dxe5 dxe5 9. Bg5 Be6 10. Qc1 Qc8 11. Rd1 Rd8 12. Nd5 Bxd5 13. cxd5 Rxd5 14. Rxd5 Nxd5 15. Nxe5 Nxe5 16. Bxd5 c6 17. Bb3 Qh3 18. Qf1 Qh5 19. Bf4 Re8 20. Rd1 Ng4 21. h3 Nf6 22. Be3 b6 23. Bd4 Qxe2 24. Qxe2 Rxe2 25. Bc3 Nd5 26. Bxd5 cxd5 27. Kf1 Rc2 28. Bxg7 Kxg7 29. b4 Rxa2 30. Rxd5 Rb2 31. b5 Kf6 32. Rd7 Rxb5 33. Rxa7 Rb2 34. h4 h5 35. Kg2 b5 36. Kf3 b4 37. Rb7 b3 38. Ke3 Rb1 39. f3 b2 40. Kf4 Kg7 41. Rb8 f6 42. Rb7+ Kf8 43. Rb5 Ke7 44. Rb6 Kd7 45. Rb3 Kc6 46. Rb8 Kd5 47. Rd8+ Kc4 48. Rc8+ Kd3 49. Rd8+ Ke2 50. Rb8 Kf2 51. Rb7 Kg2 52. Rb6 Kh3 53. Rb3 Ra1 54. Rxb2 Ra4+ 55. Ke3 Kxg3 56. Rb6 Rf4 57. Rb1 Rxf3+ 58. Ke2 Rf2+ 59. Ke3 Rg2 60. Rb6 Kxh4 61. Rxf6 g5 62. Kf3 Rg1 63. Ra6 g4+ 64. Kf2 Rb1 65. Ra3 g3+ 66. Kg2 Rb2+ 67. Kf3 Kh3 68. Ra5 h4 69. Ra1 g2 70. Ra4 g1=Q 71. Rxh4+ Kxh4 72. Ke4 0-1


[Site "https://www.chess.com"]

[Event "Titled Tuesday Blitz January 03 Early 2023"]
[White "Hnydiuk, Aleksander"]
[Black "Vaibhav, Suri"]
[WhiteFideId "1109057"]
[BlackFideId "5045185"]
[WhiteElo "2363"]
[BlackElo "2595"]
[Result "0-1"]
[Round "07"]
[TimeControl "180+2"]
[Date "2023.01.03"]
[WhiteClock "0:00:25"]
[BlackClock "0:00:20"]

1. e4 e5 2. Nf3 Nc6 3. d4 exd4 4. Nxd4 Nf6 5. Nxc6 bxc6 6. Qe2 g6 7. Nc3 Bg7 8. Bg5 O-O 9. O-O-O h6 10. Bh4 Re8 11. f4 d5 12. Qd3 g5 13. fxg5 Ng4 14. exd5 hxg5 15. Bg3 Rb8 16. dxc6 Qf6 17. Be2 Bf5 18. Qd2 Ne3 19. Bxc7 Rxb2 20. Kxb2 Qxc6 21. Ba5 Qc5 22. g4 Rb8+ 23. Ka1 Qxa5 0-1


[Site "https://www.chess.com"]

[Event "Titled Tuesday Blitz January 03 Early 2023"]
[White "Matinian, Nikita"]
[Black "Aghasiyev, Kamal"]
[WhiteFideId "24129100"]
[BlackFideId "13402854"]
[WhiteElo "2407"]
[BlackElo "2441"]
[Result "0-1"]
[Round "07"]
[TimeControl "180+2"]
[Date "2023.01.03"]
[WhiteClock "0:00:04"]
[BlackClock "0:00:11"]

1. e4 e5 2. Bc4 Nf6 3. d3 c6 4. Nf3 d5 5. Bb3 Bd6 6. Nc3 Be6 7. Ng5 O-O 8. Nxe6 fxe6 9. O-O a5 10. a4 Na6 11. Qe2 Nc5 12. Ba2 Qe8 13. f4 Nh5 14. f5 exf5 15. exd5 Kh8 16. dxc6 bxc6 17. Bd2 Qg6 18. Bc4 Rae8 19. Nd1 Nf4 20. Bxf4 exf4 21. Qf3 Bc7 22. c3 Qf6 23. Ra2 g5 24. h3 Qg6 25. b4 g4 26. Qf2 Nd7 27. Kh1 f3 28. Qh4 Ne5 29. Ne3 Nxc4 30. Nxc4 Re2 31. Rxe2 fxe2 32. Re1 Re8 33. hxg4 fxg4 34. d4 g3 35. bxa5 Re4 36. Qh3 Qf6 37. Qc8+ Bd8 38. Ne5 Rh4+ 39. Qh3 Rxh3+ 40. gxh3 Qf2 0-1


[Site "https://www.chess.com"]

[Event "Titled Tuesday Blitz January 03 Early 2023"]
[White "Rozman, Levy"]
[Black "Reprintsev, Alexander"]
[WhiteFideId "2039877"]
[BlackFideId "14100541"]
[WhiteElo "2322"]
[BlackElo "2253"]
[Result "1-0"]
[Round "07"]
[TimeControl "180+2"]
[Date "2023.01.03"]
[WhiteClock "0:00:08"]
[BlackClock "0:00:16"]

1. d4 d5 2. Bg5 Nc6 3. e3 f6 4. Bh4 Nh6 5. c4 Nf5 6. cxd5 Qxd5 7. Nc3 Qa5 8. Bg3 e5 9. d5 Nb8 10. Bc4 Bb4 11. Ne2 Nd7 12. a3 Bxc3+ 13. Nxc3 Qc5 14. Ba2 a6 15. Rc1 Qe7 16. Ne4 Nb6 17. Nc5 Nd6 18. O-O O-O 19. e4 Kh8 20. Ne6 Bxe6 21. dxe6 Rfd8 22. Qe2 Nb5 23. f4 Nd4 24. Qh5 g6 25. Qg4 exf4 26. Bxf4 Rac8 27. Kh1 c5 28. Rc3 c4 29. Rh3 Rg8 30. Be3 Rcd8 31. e5 f5 32. Qxd4 Rxd4 33. Bxd4 Rd8 34. Bxb6 Rd2 35. Bxc4 Rxb2 36. Bd4 Rd2 37. Bc3 Rc2 38. Bb3 Re2 39. Rd3 h5 40. Rd7 Qc5 41. e7 Rxe5 42. e8=Q+ 1-0


[Site "https://www.chess.com"]

[Event "Titled Tuesday Blitz January 03 Early 2023"]
[White "Orozbaev, Eldiar"]
[Black "Bettalli, Francesco"]
[WhiteFideId "13802240"]
[BlackFideId "2816453"]
[WhiteElo "2235"]
[BlackElo "2252"]
[Result "1-0"]
[Round "07"]
[TimeControl "180+2"]
[Date "2023.01.03"]
[WhiteClock "0:00:12"]
[BlackClock "0:00:49"]

1. e4 g6 2. d4 Bg7 3. Nc3 c6 4. Be3 d5 5. f3 e6 6. Qd2 Ne7 7. O-O-O O-O 8. h4 h5 9. g4 dxe4 10. gxh5 Qa5 11. hxg6 fxg6 12. fxe4 Nd7 13. Nh3 e5 14. Bc4+ Kh8 15. h5 g5 16. h6 Bf6 17. Bxg5 exd4 18. Bxf6+ Nxf6 19. Qxd4 Bg4 20. e5 Rad8 21. Qe3 Rxd1+ 22. Rxd1 Nf5 23. Qf4 Bxh3 24. exf6 Qc5 25. f7 Qe3+ 26. Qxe3 Nxe3 27. Rd3 Nxc4 28. Rxh3 Rxf7 29. Rh1 Kh7 30. Ne4 Rf5 31. b3 Ne3 32. Nd6 Rf2 33. Nxb7 Nxc2 34. Nc5 Nb4 35. Kb1 Nxa2 36. Ne4 Rg2 37. Nf6+ Kh8 38. h7 Nc3+ 39. Kc1 Re2 40. Rh3 Nd5 41. Ng8 Re3 42. Rxe3 Nxe3 43. Nf6 Nd5 44. Nxd5 cxd5 45. Kd2 Kxh7 46. Kd3 Kg7 47. Kd4 Kf7 48. Kxd5 Ke7 49. Kc6 Kd8 50. Kb7 Kd7 51. Kxa7 Kc6 52. Ka6 Kc5 53. Ka5 Kc6 54. b4 Kb7 55. Kb5 Kc7 56. Ka6 Kb8 57. Kb6 Ka8 58. Kc7 Ka7 59. b5 Ka8 60. Kb6 Kb8 61. Kc6 Kc8 62. b6 Kb8 63. b7 Ka7 64. Kc7 Ka6 65. b8=Q Ka5 66. Qb3 1-0


[Site "https://www.chess.com"]

[Event "Titled Tuesday Blitz January 03 Early 2023"]
[White "Antonica, Dragos-Andrei"]
[Black "Ansh M Shah"]
[WhiteFideId "1246372"]
[BlackFideId "25033379"]
[WhiteElo "2373"]
[BlackElo "2171"]
[Result "1-0"]
[Round "07"]
[TimeControl "180+2"]
[Date "2023.01.03"]
[WhiteClock "0:00:51"]
[BlackClock "0:00:47"]

1. b3 e5 2. Bb2 Nc6 3. c4 d6 4. e3 g6 5. d4 exd4 6. Nf3 Bg7 7. Nxd4 Nxd4 8. Bxd4 Bxd4 9. Qxd4 Qf6 10. Nc3 Qxd4 11. exd4 c6 12. Kd2 Nf6 13. Bd3 Be6 14. b4 a5 15. b5 Kd7 16. a4 Rhe8 17. f3 Nh5 18. g3 Bh3 19. Rhg1 Bf5 20. Bxf5+ gxf5 21. g4 fxg4 22. fxg4 Ng7 23. Raf1 Re7 24. Rf6 Rf8 25. Kd3 Ne8 26. Rh6 f6 27. Ne4 Rg7 28. Ng3 Rff7 29. Nf5 Rg6 30. Rh3 Ng7 31. Rxh7 Ke6 32. Re1+ Kd7 33. h3 Kd8 34. Nxd6 Rd7 35. c5 cxb5 36. axb5 b6 37. Rh8+ 1-0


[Site "https://www.chess.com"]

[Event "Titled Tuesday Blitz January 03 Early 2023"]
[White "Abdilkhair, Abilmansur"]
[Black "HSH1987"]
[WhiteFideId "13716417"]
[WhiteElo "2268"]
[BlackElo "2675"]
[Result "0-1"]
[Round "07"]
[TimeControl "180+2"]
[Date "2023.01.03"]
[WhiteClock "0:00:01"]
[BlackClock "0:00:02"]

1. d4 Nf6 2. c4 c5 3. d5 b5 4. Nf3 g6 5. cxb5 a6 6. b6 d6 7. Nc3 Bg7 8. e4 O-O 9. Bc4 Nbd7 10. O-O Rb8 11. h3 Rxb6 12. a4 Rb4 13. Qe2 Qb6 14. a5 Qb8 15. Ra2 Ne8 16. Re1 Nc7 17. Nd1 Nf6 18. Bd2 Rb7 19. Bc3 Bd7 20. e5 Nfxd5 21. exd6 Nxc3 22. bxc3 exd6 23. Qd3 d5 24. Qd2 Bxh3 25. Bf1 Bg4 26. Qf4 Bf5 27. g4 Be4 28. Ng5 Bh6 29. f3 Bb1 30. Rh2 Bxg5 31. Qxg5 Ne6 32. Qh6 Qg3+ 33. Kh1 g5 34. Nf2 Bg6 35. Bg2 Qxf2 36. Rf1 Qe2 37. f4 gxf4 38. Rg1 Rb2 39. Bxd5 Qxh2+ 40. Qxh2 Rxh2+ 41. Kxh2 Rd8 42. c4 Nc7 43. Bc6 Rd2+ 44. Kh3 Rd3+ 45. Kh4 Ne6 46. Re1 Kg7 47. Bd5 h6 48. Rb1 Ng5 49. Rh1 f3 50. Kg3 Rc3 51. Kf2 Ne4+ 0-1


[Site "https://www.chess.com"]

[Event "Titled Tuesday Blitz January 03 Early 2023"]
[White "Batsiashvili, Nino"]
[Black "Rostomyan, Mikayel"]
[WhiteFideId "13602993"]
[BlackFideId "13313754"]
[WhiteElo "2467"]
[BlackElo "2222"]
[Result "0-1"]
[Round "07"]
[TimeControl "180+2"]
[Date "2023.01.03"]
[WhiteClock "0:00:01"]
[BlackClock "0:00:02"]

1. d4 Nf6 2. c4 c5 3. d5 b5 4. Qc2 bxc4 5. e4 e6 6. Bxc4 exd5 7. exd5 d6 8. Ne2 Be7 9. O-O O-O 10. Ng3 Nbd7 11. Rd1 Nb6 12. b3 Nfd7 13. Bb2 Bf6 14. Nc3 Nxc4 15. bxc4 Ba6 16. Nce4 Bxb2 17. Qxb2 Ne5 18. Nf5 f6 19. Nfxd6 Bxc4 20. Qc3 Ba6 21. Qxc5 Nd3 22. Qa3 Qb6 23. Rxd3 Bxd3 24. Qxd3 Rfd8 25. Nf5 Qb2 26. Rd1 Qe5 27. g4 Rab8 28. d6 Rb4 29. Nfg3 Kh8 30. h3 h6 31. a3 Rb2 32. Nf5 Qe6 33. Neg3 Rb3 34. Qd5 Qxd5 35. Rxd5 Rxa3 36. Ne7 Ra6 37. Ngf5 Rb6 38. h4 Kh7 39. h5 a6 40. Kg2 Rd7 41. Kg3 Rd8 42. f3 Rb7 43. Ng6 Rb6 44. Kf4 Rb4+ 45. Kg3 Rb6 46. Nge7 Rb5 47. Rd4 a5 48. Nc6 Rd7 49. Nfe7 a4 50. Ng6 Kg8 51. Re4 Kf7 52. Re7+ Rxe7 0-1


[Site "https://www.chess.com"]

[Event "Titled Tuesday Blitz January 03 Early 2023"]
[White "Perez Rodriguez, Jennifer"]
[Black "Goltsev, Dmitry"]
[WhiteFideId "3507831"]
[BlackFideId "24176710"]
[WhiteElo "2242"]
[BlackElo "2269"]
[Result "0-1"]
[Round "07"]
[TimeControl "180+2"]
[Date "2023.01.03"]
[WhiteClock "0:00:20"]
[BlackClock "0:00:55"]

1. e4 e6 2. d4 d5 3. Bd3 c5 4. exd5 exd5 5. Nf3 Nf6 6. O-O Be7 7. dxc5 Bxc5 8. Re1+ Be6 9. Ng5 O-O 10. Nxe6 fxe6 11. Be3 Bxe3 12. Rxe3 Qb6 13. b3 Nbd7 14. Nd2 e5 15. Bf5 e4 16. Nf1 Ne5 17. a4 g6 18. a5 Qc5 19. Be6+ Kg7 20. b4 Qd6 21. Bh3 d4 22. Ng3 Qd5 23. Re1 Rae8 24. Qe2 d3 25. cxd3 Nxd3 26. Red1 Qd4 27. Rab1 Nd5 28. Nxe4 Rxe4 29. Rxd3 Nf4 30. Rxd4 Nxe2+ 31. Kf1 Nxd4 32. Rd1 Nc2 0-1


[Site "https://www.chess.com"]

[Event "Titled Tuesday Blitz January 03 Early 2023"]
[White "Lopez Del Alamo, Antonio"]
[Black "Krysa, Leandro"]
[WhiteFideId "2227339"]
[BlackFideId "116807"]
[WhiteElo "2280"]
[BlackElo "2541"]
[Result "0-1"]
[Round "07"]
[TimeControl "180+2"]
[Date "2023.01.03"]
[WhiteClock "0:00:02"]
[BlackClock "0:00:11"]

1. e4 e5 2. Bc4 Nf6 3. d3 Nc6 4. Nc3 Bb4 5. Ne2 d5 6. exd5 Nxd5 7. O-O Nxc3 8. bxc3 Bd6 9. Ng3 O-O 10. a4 Kh8 11. Kh1 f5 12. f4 exf4 13. Bxf4 Bxf4 14. Rxf4 Ne5 15. Bb3 g5 16. Rf1 f4 17. Ne4 Bf5 18. Qe2 Ng4 19. Rf3 Ne3 20. Rxe3 fxe3 21. Qxe3 Bxe4 22. Qxe4 Qf6 23. h3 c6 24. Re1 Rae8 25. Qxe8 Rxe8 26. Rxe8+ Kg7 27. d4 h5 28. Kg1 Qd6 29. Re3 g4 30. hxg4 hxg4 31. g3 Qa3 32. Kf2 Qc1 33. Ke2 Qg1 34. Kd3 a5 35. Re5 Qxg3+ 36. Kc4 Qxe5 37. dxe5 g3 38. Kc5 g2 39. Kb6 g1=Q+ 0-1


[Site "https://www.chess.com"]

[Event "Titled Tuesday Blitz January 03 Early 2023"]
[White "Yeritsyan, Hayk"]
[Black "Torres Dominguez, David"]
[WhiteFideId "13307320"]
[BlackFideId "2220857"]
[WhiteElo "2241"]
[BlackElo "1994"]
[Result "1-0"]
[Round "07"]
[TimeControl "180+2"]
[Date "2023.01.03"]
[WhiteClock "0:00:28"]
[BlackClock "0:00:15"]

1. e4 Nc6 2. Nc3 e5 3. Nf3 Nf6 4. d3 d5 5. exd5 Nxd5 6. Be2 Bb4 7. Bd2 Nxc3 8. bxc3 Bd6 9. Rb1 O-O 10. O-O b6 11. Ng5 Be7 12. Bf3 Bb7 13. Ne4 f5 14. Ng3 Bd6 15. c4 e4 16. dxe4 Nd4 17. Bc3 Nxf3+ 18. Qxf3 fxe4 19. Qg4 Rf7 20. Nxe4 h5 21. Qg6 Bxh2+ 22. Kxh2 Qh4+ 23. Kg1 Bxe4 24. Qg3 Qxg3 25. fxg3 Bxc2 26. Rxf7 Kxf7 27. Rf1+ Kg6 28. Re1 Kf7 29. Re5 Re8 30. Rxh5 Re3 31. Be5 c5 32. Rg5 g6 33. Bb8 Ra3 34. Rd5 Rxa2 35. Rd7+ Ke6 36. Rxa7 Rxa7 37. Bxa7 Bd3 38. Bxb6 Kd6 39. Kf2 Bxc4 40. Ke3 Bd5 41. Bd8 Ke5 42. Be7 c4 43. Bb4 Bxg2 44. Bc3+ Kd5 45. Bd4 Be4 46. Bc3 Bd3 47. Bd4 Kc6 48. Bc3 Kb5 49. Kd2 Ka4 50. Bd4 Kb3 51. Bc3 Bf5 52. Bd4 g5 53. Bc3 g4 54. Bd4 Be4 55. Bc3 Bf3 56. Bd4 Bd5 57. Bc3 Bf3 58. Bd4 Bd5 59. Bc3 Be4 60. Bd4 Bd3 61. Bc3 Ka4 62. Bd4 Kb5 63. Bc3 Kc6 64. Ke3 Kd5 65. Kf4 Be2 66. Ke3 Bf3 67. Kf4 Bd1 68. Ke3 Ke6 69. Kd4 Be2 70. Ke3 Bf1 71. Kf4 Bh3 72. Ke4 Kd6 73. Kd4 Bf1 74. Ke3 Kc5 75. Kf4 Be2 76. Ke3 Kb5 77. Kxe2 Ka4 78. Kd2 Kb3 79. Be5 Ka4 80. Kc3 Kb5 81. Bd4 1-0


[Site "https://www.chess.com"]

[Event "Titled Tuesday Blitz January 03 Early 2023"]
[White "Lazavik, Denis"]
[Black "Tsotsonava, Elene"]
[WhiteFideId "13515110"]
[BlackFideId "13615939"]
[WhiteElo "2544"]
[BlackElo "2053"]
[Result "1-0"]
[Round "07"]
[TimeControl "180+2"]
[Date "2023.01.03"]
[WhiteClock "0:00:21"]
[BlackClock "0:00:08"]

1. d4 Nf6 2. c4 e6 3. Nf3 b6 4. g3 Ba6 5. b3 Bb4+ 6. Bd2 Be7 7. Bg2 d5 8. O-O O-O 9. Ne5 c6 10. Bc3 Nfd7 11. Nd3 dxc4 12. Nb4 Bxb4 13. Bxb4 Re8 14. Nd2 cxb3 15. axb3 Bb7 16. Nc4 Nf6 17. Nd6 Re7 18. e4 a5 19. Ba3 Ne8 20. Nxe8 Rxe8 21. e5 Na6 22. Be4 Nc7 23. Qh5 g6 24. Qh6 Qxd4 25. Rae1 Ba6 26. Bxc6 Bxf1 27. Kxf1 Qd3+ 28. Kg2 Qc3 29. Rc1 Qxe5 30. Rc2 Qg7 31. Qc1 f6 32. Bd6 h6 33. Bxc7 Qxc7 34. Bxa8 Qe5 35. Bf3 f5 36. Qxh6 Qg7 37. Qxg7+ Kxg7 38. Rc6 Rb8 39. Rxe6 b5 40. Ra6 a4 41. bxa4 b4 42. Rc6 b3 43. Rc1 b2 44. Rb1 Rb4 45. a5 Kf6 46. a6 Ra4 47. Rxb2 Rxa6 48. h4 Rd6 49. Rc2 Re6 50. Rc6 1-0


[Site "https://www.chess.com"]

[Event "Titled Tuesday Blitz January 03 Early 2023"]
[White "Costachi, Mihnea"]
[Black "Bayramov, Zaur"]
[WhiteFideId "1217518"]
[BlackFideId "13405080"]
[WhiteElo "2476"]
[BlackElo "2276"]
[Result "1-0"]
[Round "07"]
[TimeControl "180+2"]
[Date "2023.01.03"]
[WhiteClock "0:01:10"]
[BlackClock "0:00:16"]

1. Nc3 Nf6 2. e4 d6 3. d4 g6 4. f3 Bg7 5. Be3 O-O 6. Qd2 c6 7. h4 h5 8. g4 b5 9. Nh3 e5 10. g5 Nfd7 11. O-O-O Qa5 12. Kb1 b4 13. Ne2 Nb6 14. Nc1 Be6 15. f4 exf4 16. Nxf4 Bc4 17. Nfd3 Na6 18. Nb3 Qa4 19. Ndc1 c5 20. Bf4 Bxf1 21. Rhxf1 c4 22. Bxd6 cxb3 23. cxb3 Qc6 24. e5 Rfd8 25. Nd3 Nd5 26. Rc1 Qb7 27. Qf2 Rac8 28. Nc5 Nxc5 29. dxc5 Re8 30. Qf3 Bxe5 31. c6 Rxc6 32. Rxc6 Qxc6 33. Qxf7+ Kh8 34. Bxe5+ Rxe5 35. Qf8+ Kh7 36. Rf7# 1-0


[Site "https://www.chess.com"]

[Event "Titled Tuesday Blitz January 03 Early 2023"]
[White "Rustemov, Alexander"]
[Black "Diaz Villagran, Robert"]
[WhiteFideId "4119002"]
[BlackFideId "3404056"]
[WhiteElo "2525"]
[BlackElo "2315"]
[Result "1/2-1/2"]
[Round "07"]
[TimeControl "180+2"]
[Date "2023.01.03"]
[WhiteClock "0:00:39"]
[BlackClock "0:00:22"]

1. d4 Nf6 2. c4 g6 3. Nf3 Bg7 4. g3 O-O 5. Bg2 d6 6. Nc3 Bf5 7. Nh4 Bc8 8. O-O e5 9. Nf3 Nbd7 10. e4 c6 11. h3 Re8 12. Re1 a5 13. Be3 exd4 14. Nxd4 Nc5 15. Qc2 a4 16. Rab1 Nfd7 17. f4 Qa5 18. b4 axb3 19. axb3 Na6 20. Bf2 Nb4 21. Qd2 Nc5 22. Bf1 Bd7 23. Kg2 Rad8 24. g4 Bc8 25. Re3 Bxd4 26. Qxd4 Nc2 27. Qd2 Nxe3+ 28. Bxe3 Nxe4 29. Nxe4 Qxd2+ 30. Bxd2 Rxe4 31. Kf2 Rde8 32. b4 Bd7 33. Ra1 Rd4 34. Be3 Rde4 35. Bd2 Rd4 36. Be3 Rde4 37. Bd2 1/2-1/2


[Site "https://www.chess.com"]

[Event "Titled Tuesday Blitz January 03 Early 2023"]
[White "Krivonosov, Oleg"]
[Black "Papp, Levente"]
[WhiteFideId "11600349"]
[BlackFideId "751243"]
[WhiteElo "2359"]
[BlackElo "2353"]
[Result "1/2-1/2"]
[Round "07"]
[TimeControl "180+2"]
[Date "2023.01.03"]
[WhiteClock "0:01:10"]
[BlackClock "0:00:06"]

1. Nf3 Nf6 2. c4 e6 3. g3 d5 4. d4 Bb4+ 5. Bd2 a5 6. Qc2 Nc6 7. Bg2 dxc4 8. Qxc4 Qd5 9. Qxd5 exd5 10. O-O O-O 11. Bf4 Re8 12. e3 Bd6 13. Nc3 Bxf4 14. gxf4 Na7 15. Ne5 c6 16. Na4 Bf5 17. Rac1 Nb5 18. Rfd1 Nd6 19. h3 h6 20. Nc5 g5 21. fxg5 hxg5 22. f3 Kg7 23. Kf2 Rh8 24. Ng4 Bxg4 25. hxg4 Rhe8 26. Re1 a4 27. Bf1 Rh8 28. Kg3 Rh4 29. Bg2 Rhh8 30. Kf2 Rhe8 31. Bf1 Rh8 32. Kg3 Rhe8 33. Kf2 1/2-1/2


[Site "https://www.chess.com"]

[Event "Titled Tuesday Blitz January 03 Early 2023"]
[White "Sharifov, Mekhriddin"]
[Black "Starozhilov, Leonid"]
[WhiteFideId "14701545"]
[BlackFideId "14106752"]
[WhiteElo "2209"]
[BlackElo "2313"]
[Result "1/2-1/2"]
[Round "07"]
[TimeControl "180+2"]
[Date "2023.01.03"]
[WhiteClock "0:00:06"]
[BlackClock "0:00:06"]

1. e4 g6 2. d4 Bg7 3. Nc3 d6 4. f4 Nf6 5. Nf3 O-O 6. Bd3 Na6 7. O-O c5 8. e5 Nd7 9. exd6 cxd4 10. Nb5 exd6 11. Nbxd4 Nac5 12. Kh1 Nxd3 13. Qxd3 Nc5 14. Qd1 Bg4 15. c3 Ne4 16. Be3 Re8 17. Bg1 h5 18. Qd3 h4 19. Rae1 d5 20. Ne5 Bxe5 21. fxe5 Rxe5 22. Nf3 Rf5 23. Bd4 h3 24. g3 Qd6 25. Nh4 Rxf1+ 26. Rxf1 Re8 27. Qe3 g5 28. Nf5 Bxf5 29. Rxf5 f6 30. Qf3 Re6 31. Qh5 Kg7 32. Qxh3 Qa6 33. Qf1 Qc6 34. Qf3 Kg6 35. h4 Qc4 36. Kg2 Qxa2 37. hxg5 Qxb2+ 38. Kg1 Qc1+ 39. Kg2 Qd2+ 40. Kg1 fxg5 41. Rxd5 Qe1+ 42. Kg2 Nf6 43. Qf5+ Kf7 44. Rd7+ Ke8 45. Rxb7 Qe2+ 46. Bf2 Qe4+ 47. Qxe4 Rxe4 48. Rxa7 Re2 49. Ra8+ Kf7 50. Kf3 Rc2 51. Ra7+ Ke6 52. Rc7 Nd5 53. Rc6+ Kd7 54. Rc5 Rxc3+ 55. Rxc3 Nxc3 56. Kg4 Ne4 57. Be3 Ke6 58. Bxg5 Nxg3 1/2-1/2


[Site "https://www.chess.com"]

[Event "Titled Tuesday Blitz January 03 Early 2023"]
[White "Maksimenko, Viktor"]
[Black "Goryachkina, Aleksandra"]
[WhiteFideId "13710478"]
[BlackFideId "4147103"]
[WhiteElo "2196"]
[BlackElo "2571"]
[Result "1/2-1/2"]
[Round "07"]
[TimeControl "180+2"]
[Date "2023.01.03"]
[WhiteClock "0:01:39"]
[BlackClock "0:00:13"]

1. d4 Nf6 2. c4 e6 3. Nf3 d5 4. g3 Be7 5. Bg2 O-O 6. Nc3 dxc4 7. Ne5 Nc6 8. Bxc6 bxc6 9. Nxc6 Qe8 10. Nxe7+ Qxe7 11. Qa4 Nd5 12. Qxc4 a5 13. Bd2 Ba6 14. Qc5 Qd7 15. Rc1 Rfb8 16. b3 h6 17. Bf4 Nxc3 18. Qxc3 a4 19. Qxc7 Qd5 20. O-O Rc8 21. Qe5 Qxe5 22. dxe5 axb3 23. axb3 Bxe2 24. Rxc8+ Rxc8 25. Rb1 Bd3 26. Rd1 Be4 27. b4 Rc2 28. Be3 Rb2 29. Bc5 Bf3 30. Re1 g5 31. h3 h5 32. Be3 g4 33. hxg4 hxg4 34. Bc5 Kg7 35. Ra1 Kg6 36. Kf1 Kf5 37. Bd6 Ke4 38. Ke1 Re2+ 39. Kf1 Rb2 40. Ke1 Re2+ 41. Kf1 Rb2 1/2-1/2


[Site "https://www.chess.com"]